 Dungeon Crawl Stone Soup version 0.32-a0-433-g08bcfe7efd (webtiles) character file.

Game seed: 4072796321819555200

153 ezpacito the Trooper (level 5, -1/41 HPs)
             Began as a Demonspawn Chaos Knight on Feb 23, 2024.
             Was a Plaything of Xom.
             Slain by a gnoll
             ... wielding a +0 club
              (3 damage)
             ... on level 3 of the Dungeon.
             The game lasted 00:02:43 (1516 turns).

ezpacito the Trooper (Demonspawn Chaos Knight)      Turns: 1516, Time: 00:02:43

Health: -1/41      AC:  7    Str: 14    XL:     5   Next: 12%
Magic:  6/6        EV: 12    Int: 12    God:    Xom [..*...]
Gold:   152        SH:  0    Dex: 13    Spells: 6/6 levels left

rFire   . . .        a - +0 hand axe (chaos)
rCold   . . .        (no shield)
rNeg    . . .        b - +2 leather armour
rPois   .            (helmet restricted)
rElec   .            (no cloak)
rCorr   .            (no gloves)
SInv    .            (no boots)
Will    .....        (no amulet)
Stlth   +            (no ring)
HPRegen 0.26/turn    (no ring)
MPRegen 0.10/turn

%: no passive effects
@: no status effects
A: horns 1, yellow scales 1, powered by pain 1, demonic magic 1
a: Renounce Religion


You were on level 3 of the Dungeon.
You worshipped Xom.
You were a toy of Xom.
You visited 1 branch of the dungeon, and saw 3 of its levels.

You collected 152 gold pieces.

Inventory:

Hand Weapons
 a - a +0 hand axe of chaos (weapon)
 n - a +0 war axe
Missiles
 g - a throwing net (quivered)
 l - 4 curare-tipped darts
Armour
 b - a +2 leather armour (worn)
 e - a +0 helmet
 k - a +0 plate armour
Magical Staves
 d - a staff of earth
Scrolls
 c - 2 scrolls of butterflies
 f - a scroll of enchant armour {unknown}
 j - a scroll of torment {unknown}
Potions
 h - a potion of magic


   Skills:
 * Level 3.4 Fighting
 * Level 3.1 Axes
 * Level 2.3 Armour
 * Level 2.0 Dodging
 + Level 1.0 Stealth
 * Level 1.2 Unarmed Combat
 * Level 1.2 Spellcasting
 * Level 1.2 Evocations


You had 6 spell levels left.
You didn't know any spells.
Your spell library contained the following spells:

 Spells                   Type           Power      Damage    Failure   Level
 Scorch                   Fire           0%         2d5       50%         2
 Fugue of the Fallen      Necr           0%         N/A       73%         3
 Ozocubu's Armour         Ice            0%         N/A       73%         3
 Flame Wave               Conj/Fire      0%         2d4       98%         4
 Manifold Assault         Tloc           0%         N/A       98%         4
 Summon Cactus Giant      Summ           0%         N/A       100%        6


Dungeon Overview and Level Annotations

Branches:
Dungeon (3/15)

Altars:
Sif Muna

Shops:
D:2 ([


Innate Abilities, Weirdness & Mutations

You have a pair of small horns on your head.
You are partially covered in yellow scales. (AC +2)
You sometimes gain a little power by taking damage.
Spells you cast may paralyse adjacent enemies.


Message History

The gnoll hits you but does no damage.
Unknown command.
You hit the gnoll but do no damage.
The gnoll seems to speed up.
The gnoll is severely wounded.
You closely miss the gnoll. You barely miss the adder.
The gnoll is no longer weakened.
The gnoll hits you but does no damage. x2
The adder bites you.
Unknown command.
You barely miss the gnoll.
The gnoll is severely wounded.
You hit the gnoll.
The gnoll suddenly seems more resistant.
You barely miss the adder. The gnoll hits you with a +0 spear.
The adder closely misses you. The gnoll hits you but does no damage.
Unknown command.
You slash the adder!
The adder seems to slow down.
You freeze the adder.
The adder is almost dead.
You barely miss the gnoll. You hit the gnoll.
The gnoll becomes as fragile as glass!
The gnoll hits you with a +0 spear. The adder barely misses you.
The gnoll closely misses you. The gnoll hits you with a +0 spear.
* * * LOW HITPOINT WARNING * * *
You hit the gnoll. You freeze the gnoll.
The gnoll is almost dead.
You hit the gnoll.
You kill the gnoll!
You hit the adder but do no damage.
The adder appears confused.
The adder is no longer moving slowly.
The gnoll hits you with a +0 club.
* * * LOW HITPOINT WARNING * * *
The adder closely misses you.
The adder bites itself.
The adder is killed!
You have reached level 5!
Your demonic ancestry asserts itself...
A pair of horns grows on your head!
Your +0 helmet falls away!
You closely miss the gnoll.
The gnoll is almost dead.
The gnoll hits you with a +0 club.
You die... "Huh?
Did I miss anything?"

+#.# #.# ..# .#.
..##.. ..#.. #+#...
#.#.. #.#○#+##
#.#@§..# #.#§g..#
##############......#
..##..[........#.#+##
..##.########..#.#
..)............#.#
..##.#######...#.#
####.# #.#.#.######
#.# ..#.#.#....#


You could see a gnoll (fast, slow, vitrified).

Vanquished Creatures
  A hound (D:3)
  2 orc priests (D:3)
  2 gnolls (D:3)
  An adder (D:3)
  A ribbon worm (D:2)
  A dart slug (D:1)
  3 orcs (D:3)
  4 bats
  An endoplasm (D:1)
  2 giant cockroaches
  3 goblins
  A hobgoblin (D:1)
  4 ball pythons
  A frilled lizard (D:1)
  2 kobolds
  2 rats (D:1)
31 creatures vanquished.

Notes
Turn   | Place    | Note
-------+----------+-------------------------------------------
     0 | D:1      | ezpacito the Demonspawn Chaos Knight began the quest for
                  | the Orb.
     0 | D:1      | Reached XP level 1. HP: 18/18 MP: 1/1
    48 | D:1      | Reached skill level 1 in Dodging
    60 | D:1      | XOM: silly message
   106 | D:1      | Gained mutation: You sometimes gain a little power by
                  | taking damage. [demonic ancestry]
   106 | D:1      | Reached XP level 2. HP: 24/24 MP: 2/2
   433 | D:2      | Found Erphenkodgh's Antique Weapon Shop.
   457 | D:2      | Found Quives's Armour Emporium.
   463 | D:2      | XOM: cloud trail
   515 | D:2      | Found a shimmering blue altar of Sif Muna.
   522 | D:2      | XOM: silly message
   668 | D:2      | XOM: divination: detect creatures
  1206 | D:3      | Gained mutation: Spells you cast may paralyse adjacent
                  | enemies. [demonic ancestry]
  1206 | D:3      | Reached XP level 3. HP: 28/29 MP: 2/4
  1360 | D:3      | Reached skill level 1 in Spellcasting
  1360 | D:3      | Gained mutation: You are partially covered in yellow
                  | scales. (AC +2) [demonic ancestry]
  1360 | D:3      | Reached XP level 4. HP: 35/35 MP: 5/5
  1361 | D:3      | Reached skill level 1 in Unarmed Combat
  1369 | D:3      | Reached skill level 1 in Evocations
  1501 | D:3      | XOM: smoke on damage
  1502 | D:3      | XOM: noise
  1509 | D:3      | Reached skill level 1 in Stealth
  1516 | D:3      | Gained mutation: You have a pair of small horns on your
                  | head. [demonic ancestry]
  1516 | D:3      | Reached XP level 5. HP: 2/41 MP: 6/6
  1516 | D:3      | Slain by a gnoll

Illustrated notes

Levels and vault maps discovered:
D:1:      minmay_arrival_arboretum_small, layout_rooms, hangedman_feature_mirror
D:2:      layout_basic, serial_shops, shop, shop, basic_altar
D:3:      layout_basic

Skill      XL: |  1  2  3  4 |
---------------+-------------+-----
Dodging        | 1 2 |  2.0
Armour         | 2 |  2.3
Axes           | 3 |  3.1
Spellcasting   | 1 |  1.2
Unarmed Combat | 1 |  1.2
Evocations     | 1 |  1.2
Stealth        | 1 |  1.0
Fighting       | |  3.4

Action                     |  1- 3 |  4- 6 || total
---------------------------+-------+-------++-------
  Melee: Hand axe          |    73 |    29 ||   102
    Use: Scroll            |     2 |       ||     2
         Potion            |       |     3 ||     3
   Stab: Confused          |     1 |       ||     1
 Armour: Leather armour    |    42 |    33 ||    75
  Dodge: Dodged            |    50 |    23 ||    73

Table legend: (Time is in decaauts)
 A = Elapsed time spent in this place.
 B = Non-inter-level travel time spent in this place.
 C = Inter-level travel time spent in this place.
 D = Time resting spent in this place.
 E = Time spent auto-exploring this place.
 F = Levels seen in this place.
 G = Mean time per level.
                   A        B        C        D        E       F      G
               +--------+--------+--------+--------+--------+-----+--------+
         Total |   1531 |   1487 |     44 |      0 |   1230 |   3 |  510.3 |
       Dungeon |   1531 |   1487 |     44 |      0 |   1230 |   3 |  510.3 |
               +--------+--------+--------+--------+--------+-----+--------+

Top non-repeatable levels by time:
     D:2: 569 daAuts
     D:3: 547 daAuts
     D:1: 414 daAuts
